 Dungeon Crawl Stone Soup version 0.29.0-11-gd7f09526c8 (webtiles) character file.

Game seed: 10425818707423936655

81 SensoryNuts the Shield-Bearer (level 4, -1/31 HPs)
             Began as an Octopode Fighter on Sept 4, 2022.
             Slain by an adder (3 damage)
             ... on level 3 of the Dungeon.
             The game lasted 00:02:24 (2432 turns).

SensoryNuts the Shield-Bearer (Octopode Fighter)    Turns: 2432, Time: 00:02:24

Health: -1/31      AC:  1    Str: 15    XL:     4   Next: 42%
Magic:  4/4        EV: 13    Int: 10    God:
Gold:   81         SH:  5    Dex: 13    Spells: 3/3 levels left

rFire   . . .      SeeInvis .   a - +0 long sword
rCold   . . .      Faith    .   b - +0 buckler
rNeg    . . .      Spirit   .   (helmet restricted)
rPois   .          Reflect  .   (no amulet)
rElec   .          Harm     .   (no ring)
rCorr   .          Rampage  .   (no ring)
Will    .....                   (no ring)
Stlth   +++.......              (no ring)
HPRegen 0.10/turn               (no ring)
MPRegen 0.09/turn               (no ring)
                                (no ring)
                                (no ring)

@: mighty, lethally poisoned (-1 -> -12)
A: almost no armour, amphibious, 8 rings, camouflage 1, gelatinous body 1,
(nimble swimmer 1), tentacles
a: no special abilities


You were on level 3 of the Dungeon.
You visited 1 branch of the dungeon, and saw 3 of its levels.

You collected 81 gold pieces.

Inventory:

Hand Weapons
 a - a +0 long sword (weapon)
Armour
 b - a +0 buckler (worn)
Scrolls
 d - a scroll of teleportation
Potions
 e - 2 potions of haste {unknown}
 g - a potion of magic {unknown}
 h - a potion of cancellation {unknown}


   Skills:
 + Level 3.4 Fighting
 * Level 3.4 Long Blades
 + Level 3.2 Dodging
 + Level 1.2 Stealth
 + Level 3.4 Shields


You had 3 spell levels left.
You didn't know any spells.
Your spell library contained the following spells:

 Spells                   Type           Power      Damage    Failure   Level
 Magic Dart               Conj           0%         1d3       45%         1
 Call Imp                 Summ           0%         N/A       58%         2
 Mephitic Cloud           Conj/Pois/Air  0%         N/A       83%         3
 Summon Lightning Spire   Summ/Air       0%         N/A       99%         4
 Storm Form               Tmut/Air       0%         N/A       100%        7
 Maxwell's Capacitive Co  Air            0%         ∞         100%        8


Dungeon Overview and Level Annotations

Branches:
Dungeon (3/15)

Altars:
Trog

Shops:
D:2 :?:?=


Innate Abilities, Weirdness & Mutations

You cannot wear most types of armour.
You are amphibious.
You can wear up to eight rings at the same time.
Your skin changes colour to match your surroundings (Stealth+).
Your rubbery body absorbs attacks. (AC +1, EV +1)
((You are camouflaged when in or above water. (Stealth+)))
You have tentacles for arms and can constrict up to eight enemies at once.


Message History

You are more poisoned.
The adder poisons you! The adder bites you but does no damage.
You barely miss the adder. Your grab misses the adder.
You squeeze the adder, but do no damage.
The adder is moderately wounded.
You feel sick. The quokka closely misses you. The adder bites you. x2
You are more poisoned.
The adder poisons you! The quokka bites you. The adder misses you.
You are too injured to fight recklessly!
You are too injured to fight recklessly!
You are too injured to fight recklessly!
You are too injured to fight recklessly!
You are too injured to fight recklessly!
You are too injured to fight recklessly!
You are too injured to fight recklessly!
You are too injured to fight recklessly!
You are too injured to fight recklessly!
You are too injured to fight recklessly!
You are too injured to fight recklessly!
You are too injured to fight recklessly!
You are too injured to fight recklessly!
You are too injured to fight recklessly!
You are too injured to fight recklessly!
Unknown command.
You feel very mighty all of a sudden.
You feel sick. The adder bites you.
* * * LOW HITPOINT WARNING * * *
You are more poisoned.
The adder poisons you! The quokka closely misses you.
The adder barely misses you.
You barely miss the adder. You grab the adder.
The adder is lightly wounded.
You constrict the adder.
* * * LOW HITPOINT WARNING * * *
You feel very sick. You block the adder's attack.
The ball python closely misses you. The ball python misses you.
The adder misses you. The quokka bites you.
* * * LOW HITPOINT WARNING * * *
The adder bites you.
You die...

..# #.. #.##
...#....?.#.....
#..###.###.#.#..#.....
.......##............
#.#..####.......>#.### .
....)..##..............
..##...##(......)..#.#
.....#...#......Sr...#
...###.#........@Sr#
...###.#..#....#.S......
.............†..........
...###....#.......#[....
........................
..................(.!...
......#.......#...#....#
...##............##....#
.<.##....##......#


You could see 2 adders, a quokka, a ball python and a rat.

Vanquished Creatures
  3 adders (D:2)
  A worm (D:2)
  4 endoplasms
  4 giant cockroaches
  4 goblins
  7 hobgoblins
  4 jackals
  5 kobolds
  A quokka (D:1)
  5 ball pythons
  2 bats (D:1)
  7 rats
47 creatures vanquished.

Notes
Turn   | Place    | Note
-------+----------+-------------------------------------------
     0 | D:1      | SensoryNuts the Octopode Fighter began the quest for the
                  | Orb.
     0 | D:1      | Reached XP level 1. HP: 16/16 MP: 1/1
   233 | D:1      | Reached XP level 2. HP: 15/21 MP: 2/2
   583 | D:1      | Found a faded altar of an unknown god.
   583 | D:1      | Noticed a green death
   649 | D:1      | Reached XP level 3. HP: 26/26 MP: 3/3
  1004 | D:2      | Found Piwousett's Magic Scroll Emporium.
  1322 | D:2      | Found a bloodstained altar of Trog.
  1383 | D:2      | Found Regam's Jewellery Shoppe.
  1522 | D:2      | Found Loatuin's Book Emporium.
  1673 | D:2      | Reached XP level 4. HP: 31/31 MP: 4/4
  1689 | D:2      | Found Huukesm's Magic Scroll Shop.
  1963 | D:2      | Reached skill level 1 in Stealth
  2288 | D:2      | Found Ryizeitz's Book Emporium.
  2432 | D:3      | Slain by an adder

Illustrated notes

Levels and vault maps discovered:
D:1:      saegor_arrival_simple_a, layout_rooms,
          dreamdust_ecumenical_altar_sealed_demon
D:2:      layout_basic, serial_shops, shop, shop_statue, nicolae_shop_trees,
          nicolae_shop_window_shopping, nicolae_shop_advertising_works
          [nicolae_subvault_shop_adworks], basic_altar
D:3:      layout_rooms, serial_shops, nicolae_shop_trees

Skill      XL: |  1  2  3  4 |
---------------+-------------+-----
Long Blades    | 3 |  3.4
Stealth        | 1 |  1.2
Fighting       | |  3.4
Dodging        | |  3.2
Shields        | |  3.4

Action                   |  1- 3 |  4- 6 || total
-------------------------+-------+-------++-------
Melee: Long sword        |    63 |    20 ||    83
       Constrict         |    20 |     8 ||    28
       Tentacles         |    13 |     6 ||    19
  Use: Scroll            |       |     2 ||     2
       Potion            |       |     1 ||     1
 Stab: Sleeping          |     5 |     1 ||     6
Armor: Skin              |     3 |     2 ||     5
Dodge: Dodged            |    33 |    12 ||    45
Block: Buckler           |    24 |     6 ||    30
